 Dungeon Crawl Stone Soup version 0.18.1-48-g4cf74bf (webtiles) character file.

27 Gargoyl the Skirmisher (level 2, 0/24 HPs)
             Began as a Demonspawn Abyssal Knight on Aug 29, 2016.
             Was a Follower of Lugonu.
             Slain by Sigmund
             ... wielding a +0 scythe of slicing
              (8 damage)
             ... on level 2 of the Dungeon.
             The game lasted 00:02:43 (1319 turns).

Gargoyl the Skirmisher (Demonspawn Abyssal Knight)  Turns: 1319, Time: 00:02:44

Health: 0/24       AC:  9    Str: 11 (12) XL:     2   Next: 93%
Magic:  3/3        EV:  4    Int: 10 (13) God:    Lugonu [*.....]
Gold:   59         SH:  0    Dex:  9 (12) Spells: 0 memorised, 1 level left

rFire  + . .     SeeInvis .     a - +1 hand axe
rCold  + . .     Gourm    .     e - +0 chain mail
rNeg   . . .     Faith    .     (no shield)
rPois  +         Spirit   .     (no helmet)
rElec  +         Dismiss  .     (no cloak)
rCorr  +         Reflect  .     (no gloves)
SustAt .         Harm     .     d - +0 pair of boots
MR     .....                    (no amulet)
Stlth  ..........               (no ring)
                                (no ring)

@: resistant, drained, not resistant to hostile enchantments, extremely
unstealthy
A: nightstalker 1
a: Depart the Abyss, Renounce Religion


You were on level 2 of the Dungeon.
You worshipped Lugonu.
Lugonu was aware of your devotion.
You were not hungry.

You visited 1 branch of the dungeon, and saw 2 of its levels.
You visited the Abyss 1 time.

You collected 59 gold pieces.

Inventory:

Hand Weapons
 a - a +1 hand axe (weapon)
Armour
 d - a +0 pair of boots (worn)
 e - a +0 chain mail (worn)
Scrolls
 b - a scroll of identify {unknown}
 g - a scroll of magic mapping {unknown}
 h - a scroll of amnesia {unknown}
Comestibles
 c - a bread ration
 i - a chunk of flesh


   Skills:
 + Level 3.3(2.3) Fighting
 + Level 2.1(1.1) Axes
 * Level 2.4(1.4) Armour
 + Level 1.0(0.1) Dodging
 + Level 2.6(1.7) Invocations


You had one spell level left.
You didn't know any spells.

Dungeon Overview and Level Annotations

Branches:
Dungeon (2/15)

Altars:

Annotations:
D:2 Sigmund


Innate Abilities, Weirdness & Mutations

You are slightly more attuned to the shadows.


Message History

You feel protected. The goblin hits you with a club.
Drink which item? (? for menu, Esc to quit)
It was a potion of degeneration.
There was something very wrong with that liquid.
You feel weakened.
You feel dopey.
You feel clumsy. Something hits you but does no damage.
The goblin hits you but does no damage.
You hit something but do no damage. You closely miss the goblin.
Something hits you but does no damage. The goblin barely misses you.
You miss something. You hit the goblin.
The goblin is severely wounded.
The goblin completely misses you. Something hits you but does no damage.
Unknown command.
Unknown command.
You miss something. You hit the goblin.
You kill the goblin!
Lugonu accepts your kill.
Unknown command.
You closely miss something. Something hits you!
You die...

.#. #. ...##. ..#
....... ..# . #......#
.!##.. #......# ......
#......####.#...#
#............(#.# ..
#.....#..)@.....# #..
#.........{..#... ....
#...............
....##.....#..........
...........###..#.....
........###......#....
###.##†.###.####.#...?
#..#........#
##########
#..#.#.#.##.#
#........#


There were no monsters in sight!

Vanquished Creatures
  A worm (D:2)
  7 bats
  A giant cockroach (D:1)
  2 hobgoblins
  2 jackals (D:1)
  A ball python (D:2)
  A giant newt (D:1)
  4 goblins
  2 kobolds (D:1)
  2 rats
23 creatures vanquished.

Notes
Turn   | Place    | Note
--------------------------------------------------------------
     0 | Abyss:1  | Gargoyl the Demonspawn Abyssal Knight began the quest for the Orb.
     0 | Abyss:1  | Reached XP level 1. HP: 18/18 MP: 2/2
    69 | Abyss:1  | Noticed a bone dragon
   111 | Abyss:3  | Noticed an ancient zyme
   115 | Abyss:3  | Noticed a profane servitor
   117 | D:1      | Escaped the Abyss
   424 | D:1      | Reached skill level 1 in Dodging
   550 | D:1      | Gained mutation: You are slightly more attuned to the shadows. [demonic ancestry]
   550 | D:1      | Reached XP level 2. HP: 22/24 MP: 3/3
   568 | D:1      | Reached * piety under Lugonu
  1302 | D:2      | Noticed Sigmund
  1319 | D:2      | Slain by Sigmund

Skill      XL: |  1  2 |
---------------+-------+-----
Dodging        | 1 |  1.0
Armour         | 2 |  2.4
Axes           | 2 |  2.1
Fighting       | |  3.3
Invocations    | |  2.6

Action                   || total
-------------------------++-------
Melee: Hand axe          ||   109
Invok: Depart the Abyss  ||     1
  Use: Potion            ||     2
  Eat: Chunk             ||     2
Armor: Chain mail        ||   113
Dodge: Dodged            ||    44
